 Dungeon Crawl Stone Soup version 0.31.0-11-ge490571c62 (webtiles) character file.

Game seed: 15920588977852056406

93 qw the Shooter (level 4, 0/25 HPs)
             Began as a Deep Elf Hunter on Feb 5, 2024.
             Succumbed to Robin's poison
             ... on level 2 of the Dungeon.
             The game lasted 00:00:35 (1118 turns).

qw the Shooter (Deep Elf Hunter)                    Turns: 1118, Time: 00:00:35

Health: 0/25       AC:  4    Str: 10    XL:     4   Next: 36%
Magic:  6/6        EV: 12    Int: 14    God:
Gold:   82         SH:  0    Dex: 18    Spells: 3/3 levels left

rFire   . . .        a - +0 shortbow
rCold   . . .        (shield currently unavailable)
rNeg    . . .        c - +0 leather armour
rPois   .            (no helmet)
rElec   .            i - +0 cloak
rCorr   .            (no gloves)
SInv    .            (no boots)
Will    .....        (no amulet)
Stlth   ++           (no ring)
HPRegen 0.24/turn    (no ring)
MPRegen 0.10/turn

%: no passive effects
@: lethally poisoned (0 -> -18)
A: no striking features
a: no special abilities


You were on level 2 of the Dungeon.
You visited 1 branch of the dungeon, and saw 2 of its levels.

You collected 82 gold pieces.


   Skills:
 - Level 1.5 Fighting
 + Level 7.8 Ranged Weapons
 - Level 2.4 Dodging
 - Level 1.2 Stealth


You had 3 spell levels left.
You didn't know any spells.
Your spell library was empty.

Inventory:

Hand Weapons
 a - a +0 shortbow (weapon)
Armour
 c - a +0 leather armour (worn)
 i - a +0 cloak (worn)
Potions
 f - 3 potions of curing

Dungeon Overview and Level Annotations

Branches:
Dungeon (2/15)

Altars:

Annotations:
D:2 Robin


Message History

You shoot an arrow. The arrow barely misses the hobgoblin.
Robin shouts!
You shoot an arrow. The arrow closely misses the hobgoblin.
You shoot an arrow. The arrow closely misses the hobgoblin.
You shoot an arrow. The arrow hits the hobgoblin.
The hobgoblin is moderately wounded.
You shoot an arrow.
The arrow hits the hobgoblin but does no damage.
The hobgoblin is lightly wounded.
You shoot an arrow. The arrow barely misses the hobgoblin.
The hobgoblin barely misses you.
Robin says, "Kneel, worm!"
Robin roars a battlecry!
The hobgoblin goes into a battle-frenzy!
The hobgoblin hits you.
You shoot an arrow. The arrow barely misses the hobgoblin.
The hobgoblin barely misses you.
Robin hits you with a +1 dagger of venom.
You are poisoned.
You shoot an arrow. The arrow hits the hobgoblin!
You kill the hobgoblin!
You feel sick. Robin closely misses you.
You shoot an arrow. The arrow barely misses Robin.
You feel sick. Robin hits you but does no damage.
You are more poisoned.
You shoot an arrow. The arrow hits Robin.
Robin is moderately wounded.
You feel sick. Robin hits you but does no damage.
You are lethally poisoned!
You shoot an arrow. The arrow hits Robin.
Robin is heavily wounded.
You feel very sick.
Robin hits you with a +1 dagger of venom.
You are more poisoned.
You shoot an arrow. The arrow completely misses Robin.
You feel very sick. Robin barely misses you.
You shoot an arrow. The arrow hits Robin.
Robin is severely wounded.
You die...

..........#.#######.
.....[....#.# #.....
..........#.###....
..........#.#.....
..........#.#...#
..........#.#...# #
..........#.#...###.###
#............
#....@g!.....
#............
#......%.....
#............
##...........
#...........
#...........
#...........


You could see Robin.

Vanquished Creatures
  4 adders (D:2)
  5 dart slugs
  A ribbon worm (D:2)
  4 endoplasms
  7 goblins
  5 hobgoblins
  4 kobolds
  2 quokkas (D:1)
  4 ball pythons (D:1)
  3 bats (D:1)
  4 frilled lizards
43 creatures vanquished.

Notes
Turn   | Place    | Note
-------+----------+-------------------------------------------
     0 | D:1      | qw the Deep Elf Hunter began the quest for the Orb.
     0 | D:1      | Reached XP level 1. HP: 12/12 MP: 3/3
     0 | D:1      | 0 ||| qw: Version: 0.3-a-160-g6735b56
     0 | D:1      | 0 ||| qw: Game counter: 6421
     0 | D:1      | 0 ||| qw: Melee chars always use a shield: true
     0 | D:1      | 0 ||| qw: God list: Okawaru
     0 | D:1      | 0 ||| qw: Allow faded altars: false
     0 | D:1      | 0 ||| qw: Do Orc after clearing Dungeon:15 true
     0 | D:1      | 0 ||| qw: Do second Lair branch before Depths: true
     0 | D:1      | 0 ||| qw: Lair rune preference: random
     0 | D:1      | 0 ||| qw: Goals: Normal
     0 | D:1      | 0 ||| PLANNING D:1-11
   125 | D:1      | Reached XP level 2. HP: 16/16 MP: 4/4
   135 | D:1      | Reached skill level 6 in Ranged Weapons
   363 | D:1      | Found a faded altar of an unknown god.
   579 | D:1      | Reached XP level 3. HP: 20/20 MP: 5/5
   665 | D:1      | 665 ||| UPGRADING to +0 cloak.
   670 | D:1      | 670 ||| DROPPING ring of magical power.
   671 | D:1      | 671 ||| READING scroll labelled YQAFAS FUSS.
   672 | D:1      | 672 ||| READING 3 scrolls labelled COIRCH LA ALONG.
   672 | D:1      | 672 ||| IDENTIFYING red potion
   673 | D:1      | 673 ||| READING 2 scrolls of identify.
   673 | D:1      | 673 ||| IDENTIFYING scroll labelled MAKHOL CEITO
   674 | D:1      | 674 ||| DROPPING scroll of butterflies.
   675 | D:1      | 675 ||| DROPPING scroll of blinking.
   778 | D:2      | Reached skill level 7 in Ranged Weapons
   787 | D:2      | HP: 5/20 [poisoned by an adder]
   898 | D:2      | Reached XP level 4. HP: 25/25 MP: 6/6
   908 | D:2      | 908 ||| FLEEEEING.
   909 | D:2      | 909 ||| FLEEEEING.
   910 | D:2      | 910 ||| FLEEEEING.
   911 | D:2      | 911 ||| FLEEEEING.
   912 | D:2      | 912 ||| FLEEEEING.
   913 | D:2      | 913 ||| FLEEEEING.
   914 | D:2      | 914 ||| STAIRDANCE
   923 | D:1      | 923 ||| READING scroll of identify.
   923 | D:1      | 923 ||| IDENTIFYING 2 coppery potions
   924 | D:1      | 924 ||| DROPPING 2 potions of lignification.
   927 | D:2      | 927 ||| STAIRDANCE
   934 | D:2      | 934 ||| STAIRDANCE
   952 | D:2      | 952 ||| STAIRDANCE
  1105 | D:2      | Noticed Robin
  1117 | D:2      | HP: 4/25 [poisoned by Robin]
  1118 | D:2      | Succumbed to Robin's poison

Levels and vault maps discovered:
D:1:      dpeg_arrival_stone_temple_mockup, layout_basic,
          dreamdust_ecumenical_altar_hidden_monk_grotto
D:2:      layout_basic, kennysheep_generic_room_2, uniq_robin

Skill      XL: |  1  2  3 |
---------------+----------+-----
Ranged Weapons | 6 7 |  7.8
Fighting       | |  1.5
Dodging        | |  2.4
Stealth        | |  1.2

Action                     |  1- 3 |  4- 6 || total
---------------------------+-------+-------++-------
   Fire: Shortbow          |    75 |    61 ||   136
    Use: Scroll            |     3 |     1 ||     4
 Armour: Leather armour    |    19 |    20 ||    39
  Dodge: Dodged            |    21 |    19 ||    40

Table legend:
 A = Non-vault XP
 B = Vault XP
 C = Vault XP percentage of total XP
 D = Non-vault monster count
 E = Vault monster count
 F = Vault count percentage of total count
                 A         B        C        D         E       F
            +---------+---------+-------+---------+---------+-------
      Total |     114 |      19 |  14.3 |      33 |      10 |  23.3
            +---------+---------+-------+---------+---------+-------
        D:1 |      43 |       5 |  10.4 |      23 |       3 |  11.5
        D:2 |      71 |      14 |  16.5 |      10 |       7 |  41.2
            +---------+---------+-------+---------+---------+-------
